 Dungeon Crawl Stone Soup version 0.31.0-11-ge490571c62 (webtiles) character file.

Game seed: 12546025415729854900

631 qw the Skirmisher (level 7, -2/40 HPs)
             Began as a Deep Elf Hunter on Feb 4, 2024.
             Slain by an iguana (4 damage)
             ... on level 4 of the Dungeon.
             The game lasted 00:00:13 (3448 turns).

qw the Skirmisher (Deep Elf Hunter)                 Turns: 3448, Time: 00:00:13

Health: -2/40      AC:  7    Str: 10    XL:     7   Next: 24%
Magic:  9/9        EV: 13    Int: 14    God:
Gold:   157        SH:  0    Dex: 18    Spells: 6/6 levels left

rFire   . . .        a - +0 shortbow (heavy)
rCold   . . .        (shield currently unavailable)
rNeg    . . .        f - +1 leather armour {rPois}
rPois   +            g - +0 helmet
rElec   .            k - +0 cloak
rCorr   .            (no gloves)
SInv    .            l - +0 pair of boots
Will    .....        (no amulet)
Stlth   ++           (no ring)
HPRegen 0.26/turn    (no ring)
MPRegen 0.11/turn

%: no passive effects
@: no status effects
A: no striking features
a: no special abilities


You were on level 4 of the Dungeon.
You visited 1 branch of the dungeon, and saw 4 of its levels.

You collected 206 gold pieces.
You spent 49 gold pieces at shops.


   Skills:
 - Level 2.1 Fighting
 + Level 10.5 Ranged Weapons
 - Level 4.5 Dodging
 - Level 1.2 Stealth


You had 6 spell levels left.
You didn't know any spells.
Your spell library was empty.

Inventory:

Hand Weapons
 a - a +0 heavy shortbow (weapon)
Armour
 c - a +0 ring mail
 f - a +1 leather armour of poison resistance (worn)
 g - a +0 helmet (worn)
 k - a +0 cloak (worn)
 l - a +0 pair of boots (worn)
Scrolls
 b - a scroll of enchant armour {unknown}
 o - a scroll of revelation {unknown}
Potions
 d - 2 potions of curing
 e - 3 potions of haste
 h - a potion of might
 i - 2 potions of ambrosia {unknown}
 j - a potion of lignification {unknown}
 m - 2 potions of heal wounds {unknown}
 n - a potion of mutation {unknown}

Dungeon Overview and Level Annotations

Branches:
Dungeon (4/15)
 Temple: D:4-7

Altars:
Nemelex Xobeh

Shops:
D:3 [


Message History

The arrow hits the scorpion but does no damage.
The scorpion is lightly wounded.
The scorpion stings you. The iguana bites you.
You shoot an arrow. The arrow closely misses the scorpion.
The scorpion stings you but does no damage.
The kobold hits you with a +0 club.
The iguana bites you but does no damage.
The scorpion stings you but does no damage.
You shoot an arrow. The arrow closely misses the scorpion.
The iguana barely misses you. The kobold closely misses you.
The scorpion closely misses you. The kobold barely misses you.
The iguana bites you. The scorpion closely misses you.
You shoot an arrow.
The arrow hits the scorpion but does no damage.
The scorpion is lightly wounded.
The scorpion stings you. The iguana bites you. The kobold misses you.
You shoot an arrow. The arrow hits the scorpion!
The scorpion is heavily wounded.
The scorpion stings you. The kobold hits you with a +0 club.
The iguana closely misses you. The scorpion barely misses you.
You shoot an arrow.
The arrow completely misses the scorpion.
The kobold closely misses you. The iguana bites you.
The scorpion closely misses you. The iguana barely misses you.
The kobold misses you.
You shoot an arrow. The arrow hits the scorpion.
The scorpion is severely wounded.
The scorpion stings you. The scorpion barely misses you.
The kobold barely misses you. The iguana bites you.
You shoot an arrow. The arrow closely misses the scorpion.
The scorpion misses you. The kobold misses you. The iguana misses you.
The scorpion stings you.
You shoot an arrow. The arrow hits the scorpion!!
You kill the scorpion!
The kobold barely misses you. The iguana barely misses you.
The iguana bites you! The kobold hits you but does no damage.
You shoot an arrow.
The arrow hits the iguana but does no damage.
The kobold hits you but does no damage. The iguana bites you.
You die...

............+....##....##....%>.#
......(.....#....####'###.......#
............#..................##
............#..................#
............#..........#########
..########)#############
...........#............
.#.........#.....K......
###....<...'%...@l......
+#'#..##...#............
#.###...####............
._.###.....#............
#.###......########....~
####........# .#... ###..###...##
#.~~ .#.....##### .) .......#


You could see an iguana and a kobold.

Vanquished Creatures
  A phantom (D:4)
  3 scorpions (D:4)
  A hound (D:2)
  A sleepcap (D:4)
  An iguana (D:4)
  2 orc wizards
  8 gnolls
  7 adders
  3 ribbon worms
  4 dart slugs
  10 orcs
  6 ball pythons
  4 bats
  4 endoplasms
  2 giant cockroaches
  6 goblins
  7 hobgoblins
  4 jackals (D:3)
  9 kobolds
  2 quokkas
  5 frilled lizards
  2 rats
92 creatures vanquished.

Notes
Turn   | Place    | Note
-------+----------+-------------------------------------------
     0 | D:1      | qw the Deep Elf Hunter began the quest for the Orb.
     0 | D:1      | Reached XP level 1. HP: 12/12 MP: 3/3
     0 | D:1      | 0 ||| qw: Version: 0.3-a-160-g6735b56
     0 | D:1      | 0 ||| qw: Game counter: 4641
     0 | D:1      | 0 ||| qw: Melee chars always use a shield: true
     0 | D:1      | 0 ||| qw: God list: Okawaru
     0 | D:1      | 0 ||| qw: Allow faded altars: false
     0 | D:1      | 0 ||| qw: Do Orc after clearing Dungeon:15 true
     0 | D:1      | 0 ||| qw: Do second Lair branch before Depths: true
     0 | D:1      | 0 ||| qw: Lair rune preference: random
     0 | D:1      | 0 ||| qw: Goals: Normal
     0 | D:1      | 0 ||| PLANNING D:1-11
   277 | D:1      | Reached skill level 6 in Ranged Weapons
   277 | D:1      | Reached XP level 2. HP: 16/16 MP: 4/4
   607 | D:1      | 607 ||| UPGRADING to +1 leather armour of poison
                  | resistance.
   617 | D:1      | 617 ||| DROPPING +0 leather armour.
   618 | D:1      | 618 ||| READING 2 scrolls labelled DEFFES SYEDEMM.
   618 | D:1      | 618 ||| IDENTIFYING blue potion
   619 | D:1      | 619 ||| READING scroll of identify.
   619 | D:1      | 619 ||| IDENTIFYING silvery potion
   620 | D:1      | 620 ||| READING scroll labelled MEDATRO GIMECK.
   621 | D:1      | 621 ||| DRINKING 2 purple potions.
   622 | D:1      | 622 ||| DROPPING scroll of butterflies.
   623 | D:1      | 623 ||| DROPPING potion of invisibility.
   656 | D:2      | 656 ||| RETREEEEATING.
   658 | D:2      | Reached XP level 3. HP: 20/20 MP: 5/5
   664 | D:2      | Reached skill level 7 in Ranged Weapons
   671 | D:2      | Reached XP level 4. HP: 10/25 MP: 6/6
   676 | D:2      | HP: 5/25 [ribbon worm (5)]
   927 | D:2      | 927 ||| FLEEEEING.
   928 | D:2      | 928 ||| FLEEEEING.
   930 | D:2      | 930 ||| FLEEEEING.
   931 | D:2      | 931 ||| FLEEEEING.
  1049 | D:2      | Reached skill level 8 in Ranged Weapons
  1424 | D:2      | 1424 ||| READING scroll of identify.
  1424 | D:2      | 1424 ||| IDENTIFYING fuming golden potion
  1425 | D:2      | 1425 ||| READING scroll labelled OSHROA AZAUT.
  1429 | D:2      | 1429 ||| READING scroll labelled OWUGGU ITSIH.
  1430 | D:2      | 1430 ||| READING scroll labelled HEB LINUAGOMIZ.
  1431 | D:2      | 1431 ||| DRINKING 2 viscous puce potions.
  1432 | D:2      | 1432 ||| DROPPING potion of brilliance.
  1467 | D:3      | Reached XP level 5. HP: 29/29 MP: 7/7
  1662 | D:3      | Reached skill level 9 in Ranged Weapons
  2099 | D:3      | Found Sabaet's Armour Emporium.
  2106 | D:3      | 2106 ||| BUYING +0 pair of boots (49 gold).
  2106 | D:3      | Bought a +0 pair of boots for 49 gold pieces
  2106 | D:3      | 2106 ||| SHOPLISTING +0 ring mail of cold resistance (121
                  | gold, have 102).
  2193 | D:3      | 2193 ||| UPGRADING to +0 helmet.
  2198 | D:3      | 2198 ||| UPGRADING to +0 cloak.
  2203 | D:3      | 2203 ||| UPGRADING to +0 pair of boots.
  2208 | D:3      | 2208 ||| READING scroll labelled UZOGEH DIDESI.
  2309 | D:3      | 2309 ||| READING scroll labelled OVAHILL DAME.
  2309 | D:3      | 2309 ||| BRANDING +0 shortbow.
  2351 | D:4      | 2351 ||| STAIRDANCE
  2421 | D:4      | Reached skill level 3 in Dodging
  2429 | D:4      | HP: 7/29 [orc/+0 war axe (2)]
  2635 | D:4      | Reached XP level 6. HP: 35/35 MP: 8/8
  2643 | D:4      | HP: 6/35 [frozen (3)]
  2644 | D:4      | 2644 ||| READING scroll of teleportation.
  2898 | D:4      | Reached skill level 10 in Ranged Weapons
  2904 | D:4      | HP: 7/35 [gnoll/+0 flail (6)]
  3064 | D:4      | Reached XP level 7. HP: 20/40 MP: 9/9
  3069 | D:4      | HP: 10/40 [orc/+0 club (5)]
  3316 | D:4      | Found a sparkling altar of Nemelex Xobeh.
  3446 | D:4      | HP: 9/40 [scorpion (6)]
  3447 | D:4      | HP: 2/40 [iguana (7)]
  3448 | D:4      | Slain by an iguana

Levels and vault maps discovered:
D:1:      mrwooster_arrival_statue, layout_basic
D:2:      layout_basic, serial_curves, eino_curves_03, eino_curves_01,
          eino_curves_01, eino_curves_01
D:3:      layout_basic, serial_shops, shop
D:4:      layout_gridville, nemelex_diamond_rough_becter, serial_bayou,
          serial_bayou_shore_b, serial_bayou_pond_a, serial_bayou_pond_b,
          serial_bayou_pond_d, minmay_mini_jars

Skill      XL: |  1  2  3  4  5  6 |
---------------+-------------------+-----
Ranged Weapons | 6 7 8 9 10 | 10.5
Dodging        | 3 4 |  4.5
Fighting       | 2 |  2.1
Stealth        | |  1.2

Action                     |  1- 3 |  4- 6 |  7- 9 || total
---------------------------+-------+-------+-------++-------
   Fire: Shortbow          |    51 |   186 |    45 ||   282
    Use: Scroll            |     3 |     7 |       ||    10
         Potion            |     1 |     1 |       ||     2
 Armour: Leather armour    |     5 |    64 |    43 ||   112
  Dodge: Dodged            |     3 |    84 |    50 ||   137

Table legend:
 A = Non-vault XP
 B = Vault XP
 C = Vault XP percentage of total XP
 D = Non-vault monster count
 E = Vault monster count
 F = Vault count percentage of total count
                 A         B        C        D         E       F
            +---------+---------+-------+---------+---------+-------
      Total |     655 |     247 |  27.4 |      81 |      11 |  12.0
            +---------+---------+-------+---------+---------+-------
        D:1 |      27 |       0 |   0.0 |      15 |       0 |   0.0
        D:2 |     167 |       0 |   0.0 |      22 |       0 |   0.0
        D:3 |      86 |       0 |   0.0 |      21 |       0 |   0.0
        D:4 |     375 |     247 |  39.7 |      23 |      11 |  32.4
            +---------+---------+-------+---------+---------+-------
